 Zot Defence DCSS version 0.15.2 (webtiles) character file.

3586 Ryushun the Chopper (level 9, -3/78 HPs)
             Began as a Minotaur Fighter on Apr 1, 2015.
             Was a Follower of Yredelemnul.
             Slain by a vampire (8 damage)
             ... in the Realm of Zot (Scenario IV: Columnade).
             The game lasted 00:43:09 (1766 turns).

Ryushun the Chopper (Minotaur Fighter)              Turns: 1766, Time: 00:43:11

HP  -3/78        AC  7     Str 22      XL: 9   Next: 85%
MP  14/14        EV  7     Int  6      God: Yredelemnul [*.....]
Gold 10          SH  0     Dex 11      Spells:  0 memorised, 13 levels left

rFire  . . .     SeeInvis .     (no weapon)
rCold  . . .     Clarity  .     b - +0 scale mail
rNeg   . . .     rCorr    .     c - +0 shield
rPois  .         rRot     .     (helmet restricted)
rElec  .         Spirit   .     (no cloak)
SustAb .         Warding  .     (no gloves)
rMut   .         Stasis   .     (no boots)
Gourm  .                        (no amulet)
MR     .....                    (no ring)
                                (no ring)

@: confused, not resistant to hostile enchantments, extremely unstealthy
A: retaliatory headbutt, horns 2
a: Make oklob sapling, Make arrow trap, Make plant, Remove Curse, Make burning
bush, Make altar, Make grenades, Make oklob plant, Make net trap, Make ice
statue, Animate Remains, Renounce Religion


You were in the Realm of Zot.
You worshipped Yredelemnul.
Yredelemnul was aware of your devotion.
You were not hungry.

You visited 1 branch You collected 10 gold pieces.

Inventory:

Hand weapons
 k - a +7 scythe of flaming
 m - a +3 long sword
 o - a +0 halberd
 p - a +1 dagger of venom
 q - a +1 dagger of flaming
 r - a cursed -3 whip
 s - a +0 dagger
 u - a cursed -1 scimitar
Missiles
 d - 11 stones (quivered)
 n - 2 poisoned needles
 v - 7 tomahawks
Armour
 b - a +0 scale mail (worn)
 c - a +0 shield (worn)
 l - a +0 robe
Magical devices
 g - a wand of slowing (7) {unknown}
 t - a wand of confusion (9) {unknown}
Comestibles
 f - a bread ration
Potions
 e - a potion of might
 h - a potion of haste
 i - 2 potions of magic
 j - a potion of berserk rage


   Skills:
 * Level 6.7 Fighting
   Level 7.2 Axes
 * Level 7.1 Armour
 * Level 6.2 Dodging
 * Level 6.8 Shields
 * Level 2.5 Spellcasting
 + Level 6.1 Invocations
 * Level 2.1 Evocations


You had 13 spell levels left.
You didn't know any spells.

Dungeon Overview and Level Annotations

Branches:
    Zot (1/1)

Altars:
Yredelemnul


Innate Abilities, Weirdness & Mutations

You reflexively headbutt those who attack you in melee.
You have a pair of horns on your head.


Message History

You hear some strange, mumbled words.
You are more confused.
Your rat zombie bites something.
Something hits your burning bush! Something bites your burning bush!
Something hits you.
* * * LOW HITPOINT WARNING * * *
Something bites you but does no damage.
The merfolk hits you from afar with a trident.
* * * LOW HITPOINT WARNING * * *
A slime creature comes into view.
Something hits you but does no damage. Something bites you.
* * * LOW HITPOINT WARNING * * *
Something draws strength from your injuries!
Your rat zombie closely misses something.
Something hits your burning bush but does no damage.
Something bites your burning bush but does no damage.
Something hits you.
* * * LOW HITPOINT WARNING * * *
Something bites you!
You die...
Your body rises from the dead as a mindless zombie.

▓▓▓▓▓▓▓▓▓ ▓▓▓▓▓ ▓▓).._...▓▓
▓▓▓▓▓ ▓)[[▓ ▓▓..P.P....▓▓ ▓})|▓
▓∆[|▓▓ ▓....P.[....▓ ▓▓}[∆▓
▓▓▓▓▓▓▓▓▓▓.).))@).(..▓▓▓▓▓▓▓▓▓▓
▓▓....))([.[.Pm.).)Z.P.▓▓
▓...J)P)).(P.....)Z...▓
▓..)▓▓▓▓...P...▓▓▓▓)..▓
▓▓...▓▓▓▓.....▓▓▓▓...▓▓
▓▓..)▓▓▓▓...▓▓▓▓...▓▓
▓▓..Z▓▓▓▓▓▓▓▓▓...▓▓ ▓▓...▓▓
▓▓...▓▓ ▓▓...▓▓ ▓▓...▓▓


You could see a slime creature, a merfolk, 3 friendly oklob plants, a friendly
burning bush, 3 friendly oklob saplings, a friendly rat zombie and a friendly
ogre zombie.

Vanquished Creatures
  A hell hound (Zot)
  A phantom (Zot)
  A giant frog (Zot)
  A hound (Zot)
  2 iguanas (Zot)
  A gnoll shaman (Zot)
  2 worker ants (Zot)
  A gnoll (Zot)
  3 adders (Zot)
  2 giant mites (Zot)
  A worm (Zot)
  6 oozes (Zot)
  4 ball pythons (Zot)
  A giant cockroach (Zot)
  9 hobgoblins (Zot)
  4 jackals (Zot)
  4 bats (Zot)
  3 giant geckos (Zot)
  A giant gecko zombie (Zot)
  12 goblins (Zot)
  A hobgoblin zombie (Zot)
  7 kobolds (Zot)
  5 rats (Zot)
73 creatures vanquished.

Vanquished Creatures (collateral kills)
  Maurice (Zot)
  A centaur zombie (Zot)
  A naga (Zot)
  A wolf (Zot)
  2 black bears (Zot)
  Purgy (Zot)
  An orc warrior (Zot)
  A phantom (Zot)
  2 ogres (Zot)
  A big kobold (Zot)
  Sigmund (Zot)
  Duvessa (Zot)
  A giant frog (Zot)
  Blork the orc (Zot)
  A gnoll sergeant (Zot)
  3 wights (Zot)
  An iguana (Zot)
  A hound (Zot)
  A worker ant (Zot)
  An orc wizard (Zot)
  A human zombie (Zot)
  A sky beast zombie (Zot)
  An orc zombie (Zot)
  2 adders (Zot)
  A giant mite (Zot)
  3 shadow imps (Zot)
  A worm (Zot)
  2 giant geckos (Zot)
  An ooze (Zot)
  8 orcs (Zot)
  A ball python (Zot)
  6 bats (Zot)
  A giant cockroach (Zot)
  4 goblins (Zot)
  6 hobgoblins (Zot)
  18 jackals (Zot)
  4 quokkas (Zot)
  A giant newt (Zot)
  2 jackal skeletons (Zot)
  A jackal zombie (Zot)
  11 kobolds (Zot)
  A kobold zombie (Zot)
  An orc skeleton (Zot)
  2 quokka zombies (Zot)
  8 rats (Zot)
  A rat zombie (Zot)
113 creatures vanquished.

Vanquished Creatures (others)
  A burning bush (Zot)
  An oklob sapling (Zot)
  A black bear zombie (Zot)
  An ogre zombie (Zot)
  A human zombie (Zot)
  An adder zombie (Zot)
  An iguana zombie (Zot)
  2 orc zombies (Zot)
  A bat zombie (Zot)
  A jackal (Zot)
  A goblin zombie (Zot)
  A hobgoblin zombie (Zot)
  2 jackal skeletons (Zot)
  A jackal zombie (Zot)
  A kobold skeleton (Zot)
  A kobold zombie (Zot)
  A rat skeleton (Zot)
  5 plants (Zot)
24 creatures vanquished.

Grand Total: 210 creatures vanquished

Notes
Turn   | Place    | Note
--------------------------------------------------------------
     0 | Zot      | Ryushun, the Minotaur Fighter, began the quest for the Orb.
     0 | Zot      | Reached XP level 1. HP: 19/19 MP: 1/1
   258 | Zot      | Reached XP level 2. HP: 18/27 MP: 1/1
   280 | Zot      | Reached skill level 4 in Fighting
   326 | Zot      | Reached XP level 3. HP: 4/33 MP: 2/2
   356 | Zot      | HP: 1/33 [Kloywyze the hound (3)]
   358 | Zot      | Reached skill level 1 in Dodging
   361 | Zot      | HP: 1/33 [Kloywyze the hound (1)]
   361 | Zot      | Reached XP level 4. HP: 1/41 MP: 2/2
   465 | Zot      | Noticed Paath
   466 | Zot      | Reached XP level 5. HP: 22/47 MP: 2/2
   470 | Zot      | Killed Paath the giant frog
   470 | Zot      | Reached XP level 6. HP: 25/53 MP: 3/3
   481 | Zot      | Reached skill level 5 in Armour
   543 | Zot      | Noticed a wolf
   552 | Zot      | Killed a wolf
   557 | Zot      | Noticed Zeschata
   574 | Zot      | Killed Zeschata the hell hound
   574 | Zot      | Reached skill level 5 in Fighting
   574 | Zot      | Reached skill level 5 in Axes
   574 | Zot      | Reached skill level 5 in Shields
   574 | Zot      | Reached XP level 7. HP: 21/61 MP: 3/3
   580 | Zot      | Became a worshipper of Yredelemnul the Dark
   765 | Zot      | Noticed Purgy
   766 | Zot      | Reached skill level 1 in Invocations
   800 | Zot      | Killed Purgy
   800 | Zot      | Reached skill level 5 in Dodging
   800 | Zot      | Reached XP level 8. HP: 55/69 MP: 4/4
   888 | Zot      | Noticed Duvessa
   890 | Zot      | Killed Duvessa
   890 | Zot      | Reached skill level 1 in Spellcasting
   981 | Zot      | Acquired Yredelemnul's first power
  1045 | Zot      | Reached skill level 6 in Axes
  1080 | Zot      | Noticed Sigmund
  1083 | Zot      | Killed Sigmund
  1165 | Zot      | Your ally Sigmund died
  1285 | Zot      | Noticed Blork the orc
  1296 | Zot      | Reached XP level 9. HP: 46/75 MP: 1/10
  1299 | Zot      | Killed Blork the orc
  1386 | Zot      | Noticed Maurice
  1401 | Zot      | Killed Maurice
  1401 | Zot      | Reached skill level 7 in Axes
  1401 | Zot      | Reached skill level 5 in Invocations
  1401 | Zot      | Reached skill level 1 in Evocations
  1633 | Zot      | Noticed a centaur zombie
  1642 | Zot      | Killed a centaur zombie
  1766 | Zot      | Slain by a vampire

Action                   |  1- 3 |  4- 6 |  7- 9 || total
-------------------------+-------+-------+-------++-------
Melee: War axe           |    48 |    29 |    97 ||   174
       Unarmed           |       |       |     1 ||     1
Throw: Stone             |       |       |     7 ||     7
Invok: Animate Remains   |       |       |    25 ||    25
 Abil: Make oklob saplin |       |     4 |       ||     4
       Make plant        |       |       |     6 ||     6
       Make oklob plant  |       |       |     3 ||     3
       Make altar        |       |       |     1 ||     1
       Make net trap     |       |       |     4 ||     4
       Make burning bush |       |       |     2 ||     2
  Use: Potion            |     1 |     3 |       ||     4
       Scroll            |       |       |     1 ||     1
 Stab: Distracted        |       |     1 |     2 ||     3
